 Dungeon Crawl Stone Soup version 0.26-a0-771-g060e6a62af (webtiles) character file.

Game seed: 8084117395116397590

147 ANON1729 the Chopper (level 5, -10/47 HPs)
             Began as a Hill Orc Chaos Knight on Nov 8, 2020.
             Was a Plaything of Xom.
             Killed by drain life
             ... invoked by a soul eater
             ... summoned by Xom
              (11 damage)
             ... on level 3 of the Dungeon.
             The game lasted 00:03:04 (2237 turns).

ANON1729 the Chopper (Hill Orc Chaos Knight)        Turns: 2237, Time: 00:03:04

Health: -10/47     AC: 10    Str: 16    XL:     5   Next: 29%
Magic:  5/5        EV:  7    Int: 12    God:    Xom [......]
Gold:   121        SH:  0    Dex: 10    Spells: 4/4 levels left

rFire    . . .     SeeInvis .   a - +0 hand axe (chaos)
rCold    + . .     Faith    .   (no shield)
rNeg     . . .     Spirit   .   i - +0 chain mail
rPois    .         Reflect  .   (no helmet)
rElec    .         Harm     .   (no cloak)
rCorr    .         Rampage  .   o - +0 pair of gloves
MR       .....                  (no boots)
Stlth    ..........             (no amulet)
HPRegen  0.15/turn              k - ring of stealth
MPRegen  0.09/turn              p - ring of protection from cold

@: lightly drained
A: no striking features
a: Renounce Religion


You were on level 3 of the Dungeon.
You worshipped Xom.
You were a very special plaything of Xom.
You visited 1 branch of the dungeon, and saw 3 of its levels.

You collected 121 gold pieces.

Inventory:

Hand Weapons
 a - a +0 hand axe of chaos (weapon)
Missiles
 c - 55 poisoned darts (quivered)
Armour
 b - a +2 leather armour
 i - a +0 chain mail (worn)
 o - a +0 pair of gloves (worn)
Jewellery
 k - a ring of stealth (left hand)
 p - a ring of protection from cold (right hand)
Scrolls
 d - a scroll of enchant weapon
 e - a scroll of remove curse {unknown}
 g - a scroll of teleportation {unknown}
 h - 3 scrolls of magic mapping
 j - 2 scrolls of noise
 m - a scroll of amnesia
Potions
 n - a potion of lignification {unknown}
 q - a potion of curing {unknown}


   Skills:
 + Level 4.4(4.0) Fighting
 * Level 5.4(5.0) Axes
 * Level 3.7(3.3) Armour
 + Level 1.8(1.4) Dodging


You had 4 spell levels left.
You didn't know any spells.
Your spell library contained the following spells:

 Spells                   Type           Power        Failure   Level
 Magic Dart               Conj           #...         99%         1
 Blink                    Tloc           N/A          100%        2
 Call Imp                 Summ           #.......     100%        2
 Slow                     Hex            #.......     100%        2
 Conjure Flame            Conj/Fire      #.......     100%        3
 Mephitic Cloud           Conj/Pois/Air  #.......     100%        3


Dungeon Overview and Level Annotations

Branches:
Dungeon (3/15)

Altars:
Gozag
Qazlal


Message History

It is a scroll of identify.
d - a scroll of enchant weapon
As you read the scroll of identify, it crumbles to dust.
j - 2 scrolls of noise
As you read the scroll of identify, it crumbles to dust.
m - a scroll of amnesia The soul eater hits you but does no damage.
As you read the scroll labeled MILIHI ZAKIO, it crumbles to dust.
The scroll dissolves into smoke.
It was a scroll of fog.
The red devil hits you but does no damage.
The soul eater hits you!
* * * LOW HITPOINT WARNING * * *
You feel drained.
* * * LOW HITPOINT WARNING * * *
Xom thinks this is hilarious!
Okay, then.
Okay, then.
The soul eater draws from the surrounding life force!
You die...
Xom giggles madly!

**##..)4)...!# #.....(...####
*****#.#######o### *,,,,,,*
#.....# ********
*,****,****#.#.### *,,,,,,*
*,**,,,,,,,#..4o.# *,****,*
*,**,*,***,###3#§#*****,****,*
*,,,,,,* #,#§§§§.#,,,,,,,..#,*
****,*,###.###@###*****,*#.#,*
*,*,......§§§# *,##.#,*
###*,**###.##.#§# *,,...,*
#..,,,* #......# **,,..#**
#.#*,,* ####.### *,###.#
#.#,,,** ##'## *,#...#
#..***,** ##...## *,#.#.# #.#*
**,*##.....## *#...## #.#
*,##.......## ##..#*


You could see a soul eater (summoned).

Vanquished Creatures
  An orc priest (D:3)
  A hound zombie (D:3)
  2 adders
  2 oozes
  A worm (D:2)
  4 leopard geckos
  An orc (D:3)
  7 bats
  4 giant cockroaches
  4 goblins
  6 hobgoblins
  11 jackals
  8 kobolds
  A quokka (D:2)
  6 frilled lizards
  9 rats
68 creatures vanquished.

Notes
Turn   | Place    | Note
-------+----------+-------------------------------------------
     0 | D:1      | ANON1729 the Hill Orc Chaos Knight began the quest for the
                  | Orb.
     0 | D:1      | Reached XP level 1. HP: 19/19 MP: 1/1
    61 | D:1      | XOM: silly message
   122 | D:1      | Reached skill level 1 in Dodging
   154 | D:1      | XOM: cloud trail
   206 | D:1      | Reached XP level 2. HP: 27/27 MP: 2/2
   380 | D:1      | XOM: cloud trail
   564 | D:1      | XOM: silly message
   657 | D:1      | Reached XP level 3. HP: 33/33 MP: 3/3
  1013 | D:1      | XOM: noise
  1047 | D:2      | XOM: divination: detect creatures
  1135 | D:2      | XOM: 3-stop teleportation journey
  1225 | D:2      | XOM: silly message
  1226 | D:2      | XOM: noise
  1237 | D:2      | Reached XP level 4. HP: 40/40 MP: 4/4
  1585 | D:2      | Found a stormy altar of Qazlal.
  1849 | D:2      | XOM: silly message
  1999 | D:3      | XOM: 2-stop teleportation journey
  2026 | D:3      | XOM: noise
  2039 | D:3      | Reached skill level 5 in Axes
  2109 | D:3      | XOM: cast spell 'Leda's Liquefaction'
  2171 | D:3      | XOM: 5-stop teleportation journey
  2176 | D:3      | Reached XP level 5. HP: 46/46 MP: 5/5
  2203 | D:3      | Found an opulent altar of Gozag.
  2223 | D:3      | XOM: summons 3 hostile demons
  2224 | D:3      | Noticed a soul eater
  2224 | D:3      | Noticed a red devil
  2236 | D:3      | HP: 1/47 [soul eater[Xom] (5)]
  2237 | D:3      | Killed from afar by a soul eater

Illustrated notes

Levels and vault maps discovered:
D:1:      dpeg_arrival_round_c, layout_loops_ring,
          hangedman_decor_diamond_cutter, minmay_box_of_dots
D:2:      layout_loops_cross, chequers_serial_rivers_micro_e,
          grunt_qazlal_sundering
D:3:      layout_loops_corners, nicolae_gozag_cash_rules_everything_around_me

Skill      XL: |  1  2  3  4 |
---------------+-------------+-----
Dodging        | 1 |  1.8
Fighting       | 4 |  4.4
Armour         | 3 |  3.7
Axes           | 5 |  5.4

Action                   |  1- 3 |  4- 6 || total
-------------------------+-------+-------++-------
Melee: Hand axe          |   121 |    96 ||   217
  Use: Scroll            |       |     5 ||     5
 Stab: Paralysed         |     1 |       ||     1
Armor: Leather armour    |    59 |    15 ||    74
       Chain mail        |       |    63 ||    63
Dodge: Dodged            |    91 |    50 ||   141

Table legend: (Time is in decaauts)
 A = Elapsed time spent in this place.
 B = Non-inter-level travel time spent in this place.
 C = Inter-level travel time spent in this place.
 D = Time resting spent in this place.
 E = Time spent auto-exploring this place.
 F = Levels seen in this place.
 G = Mean time per level.
                   A        B        C        D        E       F      G
               +--------+--------+--------+--------+--------+-----+--------+
         Total |   2250 |   2145 |    105 |      0 |   1659 |   3 |  750.0 |
       Dungeon |   2250 |   2145 |    105 |      0 |   1659 |   3 |  750.0 |
               +--------+--------+--------+--------+--------+-----+--------+

Top non-repeatable levels by time:
     D:1: 1054 daAuts
     D:2: 811 daAuts
     D:3: 385 daAuts
